 Dungeon Crawl Stone Soup version 0.19.5 (console) character file.

771 Homage the Twirler (level 7, -4/56 HPs)
             Began as a Minotaur Gladiator on Apr 16, 2017.
             Splashed by Pikel's acid (14 damage)
             ... on level 4 of the Dungeon.
             The game lasted 00:11:38 (3415 turns).

Homage the Twirler (Minotaur Gladiator)             Turns: 3415, Time: 00:11:39

Health: -4/56      AC:  7    Str: 20    XL:     7   Next: 53%
Magic:  6/6        EV: 10    Int:  5    God:
Gold:   136        SH:  0    Dex: 12    Spells: 0 memorised, 6 levels left

rFire  + . .     SeeInvis .     a - +0 quarterstaff
rCold  . . .     Gourm    .     k - +0 chain mail
rNeg   . . .     Faith    .     (shield currently unavailable)
rPois  .         Spirit   .     c - +0 hat
rElec  .         Reflect  .     (no cloak)
rCorr  .         Harm     .     (no gloves)
MR     .....                    o - +0 pair of boots
Stlth  ..........               (no amulet)
                                p - ring of protection from fire
                                e - ring of flight

@: corroded
A: retaliatory headbutt, horns 2
a: Evoke Flight


You were on level 4 of the Dungeon.
You were not hungry.

You visited 1 branch of the dungeon, and saw 4 of its levels.
You also visited: Sewer.

You collected 136 gold pieces.

Inventory:

Hand Weapons
 a - a +0 quarterstaff (weapon)
 b - a +0 blowgun
Missiles
 d - 3 throwing nets (quivered)
 u - 2 tomahawks
 y - 25 poisoned needles
Armour
 c - a +0 hat (worn)
 k - a +0 chain mail (worn)
 o - a +0 pair of boots (worn)
Jewellery
 e - a ring of flight (left hand)
 p - a ring of protection from fire (right hand)
 v - an uncursed ring of wizardry
Scrolls
 j - a scroll of fog
 n - 2 scrolls of teleportation
 z - 5 scrolls of remove curse
Potions
 g - 4 potions of flight
 h - a potion of beneficial mutation {unknown}
 i - 10 potions of curing
 l - 2 potions of degeneration {unknown}
 r - a potion of haste
 s - a potion of heal wounds
 t - a potion of magic
 w - a potion of might {unknown}
 x - a potion of agility {unknown}
 A - a potion of brilliance {unknown}
Comestibles
 f - 4 bread rations
 m - 7 chunks of flesh
 q - a meat ration


   Skills:
 - Level 2.4 Fighting
 + Level 7.6 Staves
 - Level 2.0 Throwing
 - Level 6.0 Armour
 - Level 5.0 Dodging


You had 6 spell levels left.
You didn't know any spells.

Dungeon Overview and Level Annotations

Branches:
Dungeon (4/15)
 Temple: D:4-7

Altars:

Annotations:
D:4 Pikel


Innate Abilities, Weirdness & Mutations

You reflexively headbutt those who attack you in melee.
You have a pair of horns on your head.


Message History

Pikel zaps a wand.
The bolt of acid hits you! The acid corrodes you!
You are splashed with acid!
The acid burns!
It is a wand of acid.
Your chain mail prevents you from hitting the slave.
Your headbutt misses the slave.
The slave is moderately wounded.
The slave hits you but does no damage. Pikel hits you with a whip of freezing.
Pikel freezes you.
Your chain mail prevents you from hitting the slave.
The slave is moderately wounded.
Pikel barely misses you. You furiously retaliate!
You headbutt Pikel.
A leopard gecko comes into view.
Unknown command.
The leopard gecko hisses angrily.
The slave hits you. Pikel waves his whip at you.
There is a stone staircase leading up here.
The slave hits you.
Pikel zaps a wand.
The bolt of acid hits you!
* * * LOW HITPOINT WARNING * * *
You are splashed with acid!
The acid burns!
You die...

#.. #)# # #.#
###.###.#
.......#
#.##(.########..
#....Kp....$....
#...@pppl.......
#.##...#######..
###.# #.# #..
.... ...!.
......


You could see Pikel, 4 slaves and a leopard gecko.

Vanquished Creatures
  Grinder (D:3)
  Sigmund (D:2)
  2 big kobolds (Sewer)
  An orc wizard (D:3)
  An orc priest (D:3)
  Robin (D:3)
  2 adders
  7 river rats (Sewer)
  2 oozes
  A worm (D:3)
  4 dart slugs
  A leopard gecko (D:3)
  6 orcs (D:3)
  7 bats
  4 giant cockroaches
  8 goblins
  6 hobgoblins
  2 jackals (D:3)
  A quokka (D:3)
  7 ball pythons
  6 frilled lizards
  24 kobolds
  23 rats
118 creatures vanquished.

Notes
Turn   | Place    | Note
-------+----------+-------------------------------------------
     0 | D:1      | Homage the Minotaur Gladiator began the quest for the Orb.
     0 | D:1      | Reached XP level 1. HP: 18/18 MP: 0/0
   231 | D:1      | Reached skill level 4 in Staves
   291 | D:1      | Reached XP level 2. HP: 22/25 MP: 1/1
   467 | D:1      | Reached skill level 1 in Armour
  1042 | D:2      | Noticed Sigmund
  1073 | D:2      | Killed Sigmund
  1073 | D:2      | Reached skill level 5 in Armour
  1073 | D:2      | Reached XP level 3. HP: 17/30 MP: 2/2
  1073 | D:2      | Reached XP level 4. HP: 21/37 MP: 3/3
  1073 | D:2      | Reached XP level 5. HP: 24/42 MP: 4/4
  1686 | D:3      | Noticed Robin
  1705 | D:3      | Killed Robin
  1957 | D:3      | Reached XP level 6. HP: 33/50 MP: 5/5
  2062 | D:3      | Reached skill level 5 in Dodging
  2149 | D:3      | Found a glowing drain.
  2154 | Sewer    | Entered a sewer
  2205 | Sewer    | Reached skill level 5 in Staves
  2500 | Sewer    | Reached skill level 6 in Staves
  2500 | Sewer    | Reached XP level 7. HP: 52/56 MP: 6/6
  2925 | D:3      | Noticed Grinder
  2939 | D:3      | Paralysed by Grinder for 7 turns
  2957 | D:3      | Killed Grinder
  2957 | D:3      | Reached skill level 7 in Staves
  3402 | D:4      | Noticed Pikel
  3415 | D:4      | Splashed by Pikel's acid

Skill      XL: |  1  2  3  4  5  6  7 |
---------------+----------------------+-----
Staves         | 4 6 7 |  7.6
Armour         | 5 6 |  6.0
Dodging        | 4 5 |  5.0
Fighting       | |  2.4
Throwing       | |  2.0

Action                   |  1- 3 |  4- 6 |  7- 9 || total
-------------------------+-------+-------+-------++-------
Melee: Quarterstaff      |    33 |   171 |    52 ||   256
       Headbutt          |     6 |    25 |    11 ||    42
  Use: Scroll            |     3 |     2 |     3 ||     8
       Potion            |       |     1 |     3 ||     4
  Eat: Chunk             |       |     5 |     3 ||     8
Armor: Chain mail        |    13 |   117 |    34 ||   164
Dodge: Dodged            |    16 |   112 |    22 ||   150
